 Dungeon Crawl Stone Soup version 0.30-a0-779-g7971cf19c3 (webtiles) character file.

Game seed: 16172287671009123001

198 porpoise the Sneak (level 5, -1/38 HPs)
             Began as a Gnoll Enchanter on Feb 18, 2023.
             Slain by a phantom (5 damage)
             ... on level 4 of the Dungeon.
             The game lasted 00:07:55 (2793 turns).

porpoise the Sneak (Gnoll Enchanter)                Turns: 2793, Time: 00:07:56

Health: -1/38      AC:  3    Str:  7    XL:     5   Next: 76%
Magic:  7/12       EV: 13    Int: 16    God:
Gold:   83         SH:  0    Dex: 13    Spells: 6/14 levels left

rFire   . . .      SeeInvis .    a - +1 dagger
rCold   . . .      Faith    .    (no shield)
rNeg    . . .      Spirit   .    b - +1 robe
rPois   .          Reflect  .    (no helmet)
rElec   .          Harm     .    (no cloak)
rCorr   .          Rampage  .    (no gloves)
Will    .....                    (no boots)
Stlth   +++                      (no amulet)
HPRegen 0.26/turn                u - ring of flight
MPRegen 0.13/turn                (no ring)

@: confusing by touch, about to teleport, flying
A: fangs 1, strong nose, distributed training
a: no special abilities


You were on level 4 of the Dungeon.
You visited 1 branch of the dungeon, and saw 5 of its levels.

You collected 83 gold pieces.

Inventory:

Hand Weapons
 a - a +1 dagger (weapon)
Missiles
 i - 3 poisoned darts (quivered)
Armour
 b - a +1 robe (worn)
Jewellery
 j - a ring of magical power
 t - a ring of ice
 u - a ring of flight (left hand)
Wands
 q - a wand of polymorph (2)
Scrolls
 d - a scroll of silence {unknown}
 f - 2 scrolls of enchant armour
 l - a scroll of blinking {unknown}
 m - a scroll of magic mapping {unknown}
 o - 2 scrolls of teleportation
 p - a scroll of identify {unknown}
Potions
 c - 2 potions of invisibility
 e - a potion of flight {unknown}
 g - a potion of heal wounds {unknown}
 h - a potion of curing {unknown}
 k - a potion of attraction {unknown}
 n - 2 potions of haste
 r - a potion of brilliance {unknown}
 s - 2 potions of berserk rage {unknown}


   Skills:
 + Level 1.7 Fighting
 + Level 3.1 Short Blades
 + Level 1.7 Long Blades
 + Level 1.7 Axes
 + Level 1.7 Maces & Flails
 + Level 1.7 Polearms
 + Level 1.7 Staves
 + Level 1.7 Ranged Weapons
 + Level 1.7 Throwing
 + Level 1.7 Armour
 + Level 4.9 Dodging
 + Level 6.2 Stealth
 + Level 1.7 Shields
 + Level 1.7 Unarmed Combat
 + Level 5.2 Spellcasting
 + Level 1.3 Conjurations
 + Level 5.6 Hexes
 + Level 1.3 Summonings
 + Level 1.3 Necromancy
 + Level 1.3 Translocations
 + Level 1.3 Transmutations
 + Level 1.3 Fire Magic
 + Level 1.3 Ice Magic
 + Level 1.3 Air Magic
 + Level 1.3 Earth Magic
 + Level 1.3 Poison Magic
 + Level 1.9 Invocations
 + Level 1.7 Evocations


You had 6 spell levels left.
You knew the following spells:

 Your Spells              Type           Power      Damage    Failure   Level
a - Confusing Touch       Hex            22%        N/A       4%          3
e - Ensorcelled Hibernat  Hex/Ice        30%        N/A       5%          2
t - Tukima's Dance        Hex            22%        N/A       4%          3

Your spell library contained the following spells:

 Spells                   Type           Power      Damage    Failure   Level
 Magic Dart               Conj           32%        1d4       9%          1
 Dazzling Flash           Conj/Hex       30%        N/A       11%         3
 Searing Ray              Conj           16%        2d5       13%         2
 Ozocubu's Armour         Ice            8%         N/A       26%         3
 Fulminant Prism          Conj/Hex       7%         3d7       34%         4
 Ozocubu's Refrigeration  Ice            4%         4d8       100%        7


Dungeon Overview and Level Annotations

Branches:
Dungeon (5/15)
 Temple: D:4-7

Altars:


Innate Abilities, Weirdness & Mutations

You have very sharp teeth.
Your uncanny sense of smell can sniff out nearby items.
Your experience applies equally to all skills.


Message History

t - a ring of ice
u - a ring of flight You fly up into the air.
u - a ring of flight (left hand) Magic restored.
Found a plate armour.
A phantom comes into view.
Found a stone staircase leading down.
Casting: Ensorcelled Hibernation (safe; 5% risk of failure)
Confirm with . or Enter, or press ? or * to list all spells.
Your hands begin to glow red.
A phantom comes into view.
The phantom barely misses you.
You hit the phantom but do no damage. The phantom closely misses you.
You hit the phantom but do no damage. Your bite misses the phantom.
The phantom hits you.
You barely miss the phantom. Your bite misses the phantom.
You hit the phantom but do no damage. The phantom hits you.
The phantom blinks!
You blink.
Casting: Confusing Touch (dangerous; 4% risk of failure)
Confirm with . or Enter, or press ? or * to list all spells.
Your hands begin to glow brighter.
The phantom barely misses you.
You closely miss the phantom. The phantom hits you!
The phantom blinks!
You blink.
You hit the phantom but do no damage. The phantom hits you. x2
You are too injured to fight recklessly!
You are too injured to fight recklessly!
You are too injured to fight recklessly!
You barely miss the phantom. The phantom hits you.
The phantom blinks!
You blink.
The phantom attacks as you move away! The phantom hits you.
* * * LOW HITPOINT WARNING * * *
As you read the scroll labelled AMIETHR JESYA, it crumbles to dust.
You feel strangely unstable.
It was a scroll of teleportation.
The phantom hits you.
* * * LOW HITPOINT WARNING * * *
The phantom attacks as you move away!
The phantom hits you but does no damage.
The phantom attacks as you move away! The phantom hits you.
You die...

##### ∆# #...#
.# ###
###...##.##
....##.>........
.............#
#.@.....###
###WW......
#...##### ..#
#####..##### #.#
###...[......#
#.#
#............#
#.#
#.#.###..###.#
#.# #>#.###..# #
#.# #....##..#


You could see 2 phantoms.

Vanquished Creatures
  A hound (D:5)
  An iguana (D:5)
  Natasha (thrice) (D:2)
  2 adders
  A worm (D:2)
  2 dart slugs
  4 bats
  5 endoplasms
  3 goblins
  4 hobgoblins (D:1)
  4 jackals (D:2)
  A kobold (D:2)
  A quokka (D:2)
  3 ball pythons
  4 frilled lizards (D:1)
  A rat (D:1)
  A spectral kobold (D:2)
41 creatures vanquished.

Notes
Turn   | Place    | Note
-------+----------+-------------------------------------------
     0 | D:1      | porpoise the Gnoll Enchanter began the quest for the Orb.
     0 | D:1      | Reached XP level 1. HP: 13/13 MP: 6/6
   373 | D:1      | Reached XP level 2. HP: 16/19 MP: 7/7
   386 | D:1      | Learned a level 2 spell: Ensorcelled Hibernation
  1201 | D:2      | Reached skill level 5 in Spellcasting
  1201 | D:2      | Reached XP level 3. HP: 25/25 MP: 7/9
  1205 | D:2      | Learned a level 3 spell: Confusing Touch
  1209 | D:2      | Learned a level 3 spell: Tukima's Dance
  1310 | D:2      | Reached skill level 6 in Stealth
  1364 | D:2      | Noticed Natasha
  1530 | D:2      | Killed Natasha
  1531 | D:2      | Reached skill level 1 in Fighting
  1531 | D:2      | Reached skill level 1 in Long Blades
  1531 | D:2      | Reached skill level 1 in Axes
  1531 | D:2      | Reached skill level 1 in Maces & Flails
  1531 | D:2      | Reached skill level 1 in Polearms
  1531 | D:2      | Reached skill level 1 in Staves
  1531 | D:2      | Reached skill level 1 in Ranged Weapons
  1531 | D:2      | Reached skill level 1 in Throwing
  1531 | D:2      | Reached skill level 1 in Armour
  1531 | D:2      | Reached skill level 1 in Shields
  1531 | D:2      | Reached skill level 1 in Unarmed Combat
  1531 | D:2      | Reached skill level 1 in Invocations
  1531 | D:2      | Reached skill level 1 in Evocations
  1551 | D:2      | Reached XP level 4. HP: 32/32 MP: 11/11
  1632 | D:2      | Found a faded altar of an unknown god.
  1923 | D:2      | Reached skill level 1 in Conjurations
  1923 | D:2      | Reached skill level 1 in Summonings
  1923 | D:2      | Reached skill level 1 in Necromancy
  1923 | D:2      | Reached skill level 1 in Translocations
  1923 | D:2      | Reached skill level 1 in Transmutations
  1923 | D:2      | Reached skill level 1 in Fire Magic
  1923 | D:2      | Reached skill level 1 in Ice Magic
  1923 | D:2      | Reached skill level 1 in Air Magic
  1923 | D:2      | Reached skill level 1 in Earth Magic
  1923 | D:2      | Reached skill level 1 in Poison Magic
  2108 | D:2      | Noticed Natasha
  2117 | D:2      | Killed Natasha
  2243 | D:2      | Noticed Natasha
  2265 | D:2      | Killed Natasha
  2266 | D:2      | Reached XP level 5. HP: 37/37 MP: 12/12
  2439 | D:3      | You fall into a shaft and drop 2 floors!
  2439 | D:5      | Entered Level 5 of the Dungeon
  2777 | D:4      | Noticed a phantom
  2781 | D:4      | Noticed a phantom
  2793 | D:4      | Slain by a phantom

Illustrated notes

Levels and vault maps discovered:
D:1:      wander_arrival_chamber, layout_loops_cross, minmay_misc_feat_ornament
D:2:      kennysheep_big_flooded_room, layout_basic,
          dreamdust_ecumenical_altar_drowned_temple, minmay_misc_feat_diagonals,
          uniq_natasha
D:3:      layout_loops_corners, mainiacjoe_overflow_six_doors_small,
          mainiacjoe_overflow_paths, serial_shops, shop
D:4:      layout_loops_ring, xom_teletrap_fun, ebering_ghost_sewer_d,
          hangedman_abyss_or_decor_stagger
D:5:      gammafunk_steamed_eel, layout_loops_ring, mainiacjoe_overflow_catwalk,
          kennysheep_slug_shrine, minmay_ogre_servants

Skill      XL: |  1  2  3  4  5 |
---------------+----------------+-----
Spellcasting   | 5 |  5.2
Stealth        | 6 |  6.2
Fighting       | 1 |  1.7
Long Blades    | 1 |  1.7
Axes           | 1 |  1.7
Maces & Flails | 1 |  1.7
Polearms       | 1 |  1.7
Staves         | 1 |  1.7
Ranged Weapons | 1 |  1.7
Throwing       | 1 |  1.7
Armour         | 1 |  1.7
Shields        | 1 |  1.7
Unarmed Combat | 1 |  1.7
Invocations    | 1 |  1.9
Evocations     | 1 |  1.7
Conjurations   | 1 |  1.3
Summonings     | 1 |  1.3
Necromancy     | 1 |  1.3
Translocations | 1 |  1.3
Transmutations | 1 |  1.3
Fire Magic     | 1 |  1.3
Ice Magic      | 1 |  1.3
Air Magic      | 1 |  1.3
Earth Magic    | 1 |  1.3
Poison Magic   | 1 |  1.3
Short Blades   | 3 |  3.1
Dodging        | |  4.9
Hexes          | |  5.6

Action                     |  1- 3 |  4- 6 || total
---------------------------+-------+-------++-------
  Melee: Dagger            |    59 |    45 ||   104
         Unarmed           |       |     1 ||     1
         Bite              |       |     1 ||     1
   Cast: Ensorcelled Hiber |    11 |    16 ||    27
         Confusing Touch   |       |     2 ||     2
    Use: Scroll            |       |     2 ||     2
   Stab: Sleeping          |    16 |    14 ||    30
 Armour: Robe              |     6 |     4 ||    10
         Skin              |       |    10 ||    10
  Dodge: Dodged            |    14 |    25 ||    39

Table legend: (Time is in decaauts)
 A = Elapsed time spent in this place.
 B = Non-inter-level travel time spent in this place.
 C = Inter-level travel time spent in this place.
 D = Time resting spent in this place.
 E = Time spent auto-exploring this place.
 F = Levels seen in this place.
 G = Mean time per level.
                   A        B        C        D        E       F      G
               +--------+--------+--------+--------+--------+-----+--------+
         Total |   2783 |   2726 |     57 |    887 |   1406 |   5 |  556.6 |
       Dungeon |   2783 |   2726 |     57 |    887 |   1406 |   5 |  556.6 |
               +--------+--------+--------+--------+--------+-----+--------+

Top non-repeatable levels by time:
     D:1: 1322 daAuts
     D:2: 1091 daAuts
     D:5: 289 daAuts
     D:4: 62 daAuts
     D:3: 17 daAuts
